AoeStats
← ITA | MarknighT

Arabia

506809210Analyzed
1v1 RM · 18d ago on Sep 15, 2026· 28m 35s· 2 players
Game mode
Random Map
Map size
Tiny (2 player)
Population
200
Speed
Normal
Resources
Standard
Victory
Conquest
Starting age
Dark Age
Ending age
Imperial Age
RankedLock teamsTeams togetherTeam positionsShared explorationLock speedFull tech treeHidden civsTurbo modeCheats
Victory
Defeat
🇮🇹 Japanese · Italy
1919
+23
2074
-23
ITA | MarknighT
5:56 Loom
8:31 Feudal Age
8:34 Man-at-Arms
14:39 Fletching
16:05 Padded Archer Armor
21:34 Castle Age
19:46 Double-Bit Axe
20:16 Horse Collar
21:43 Crossbowman
22:25 Bodkin Arrow
22:19 Town Watch
23:04 Gold Mining
24:58 Bow Saw
26:24 Ballistics
EMPEROR VASILIY ALIBABAEVICH
5:43 Loom
8:23 Feudal Age
9:01 Double-Bit Axe
12:49 Fletching
15:32 Padded Archer Armor
21:00 Castle Age
21:05 Elite Skirmisher
21:41 Bodkin Arrow
22:08 Bow Saw
22:08 Horse Collar
Connection lost

Rejoining the realm…

Still unreachable

The connection could not be restored.

Session expired

The server has moved on; the page needs a fresh start.